 Dungeon Crawl Stone Soup version 0.23.2-1-ga50397a (webtiles) character file.

Game seed: 13056956886753757412

64 Kahsius the Insei (level 3, 0/29 HPs)
             Began as a Draconian Transmuter on May 3, 2019.
             Succumbed to an adder's poison
             ... on level 2 of the Dungeon.
             The game lasted 00:03:22 (1964 turns).

Kahsius the Insei (Draconian Transmuter)            Turns: 1964, Time: 00:03:23

Health: 0/29       AC:  5    Str: 11 (12) XL:     3   Next: 91%
Magic:  5/6        EV: 12    Int: 12 (13) God:
Gold:   142        SH:  0    Dex: 11 (12) Spells: 2/6 levels left

rFire    + . .     SeeInvis .     - Unarmed
rCold    + . .     Gourm    .   (no shield)
rNeg     . . .     Faith    .   (armour unavailable)
rPois    +         Spirit   .   (helmet restricted)
rElec    +         Reflect  .   (no cloak)
rCorr    +         Harm     .   (no gloves)
MR       .....                  (no boots)
Stlth    +.........             (no amulet)
HPRegen  0.09/turn              (no ring)
MPRegen  0.10/turn              (no ring)

@: lethally poisoned (0 -> -5), resistant, very slightly contaminated
A: unfitting armour, cold-blooded, AC +5
a: no special abilities


You were on level 2 of the Dungeon.
You were hungry.

You visited 1 branch of the dungeon, and saw 2 of its levels.

You collected 142 gold pieces.

Inventory:

Missiles
 a - 12 arrows
Scrolls
 d - 3 scrolls of identify {unknown}
 f - 2 scrolls of magic mapping {unknown}
 h - 2 scrolls of teleportation {unknown}
Comestibles
 c - 5 rations


   Skills:
 + Level 2.1 Fighting
 + Level 2.3 Dodging
 + Level 3.4 Unarmed Combat
 + Level 2.4 Spellcasting
 + Level 2.5 Transmutations


You had 2 spell levels left.
You knew the following spells:

 Your Spells              Type           Power        Failure   Level  Hunger
a - Beastly Appendage     Tmut           #.....       9%          1    ##.....
b - Spider Form           Tmut/Pois      #.........   43%         3    ####...

Your spell library contained the following spells:

 Spells                   Type           Power        Failure   Level  Hunger
 Sticks to Snakes         Tmut           #.......     14%         2    ###....
 Ice Form                 Ice/Tmut       #.......     83%         4    #####..
 Blade Hands              Tmut           #.........   94%         5    ######.


Dungeon Overview and Level Annotations

Branches:
Dungeon (2/15)

Altars:
Vehumet


Innate Abilities, Weirdness & Mutations

Your plain brown scales are hard. (AC +5)
You cannot fit into any form of body armour.
You are cold-blooded and may be slowed by cold attacks.


Message History

You feel sick.
It was a potion of resistance.
You feel protected.
Unknown command.
It was a potion of degeneration.
There was something very wrong with that liquid.
You feel weakened.
You feel dopey.
You feel clumsy.
* * * LOW HITPOINT WARNING * * *
You feel sick.
* * * LOW HITPOINT WARNING * * *
You feel sick.
* * * LOW HITPOINT WARNING * * *
You feel sick.
* * * LOW HITPOINT WARNING * * *
You feel sick.
* * * LOW HITPOINT WARNING * * *
You feel sick.
* * * LOW HITPOINT WARNING * * *
You feel sick.
You die...

...^....... ##...##
....###....
##.....###.... .....
###.......#.. ......
....._..... #####..
#.......# ... #.....# .
#. #...# ..####. #@#
#...... #.#
########....
#.####.#####........#..
#............#### ##.
#######........)#####..
#########....##.#
#............#
#...........##
#........#....


There were no monsters in sight!

Vanquished Creatures
  3 adders (D:2)
  A worm (D:2)
  2 dart slugs (D:1)
  A leopard gecko (D:2)
  5 bats
  2 giant cockroaches
  A goblin (D:1)
  2 hobgoblins (D:1)
  3 jackals (D:1)
  3 frilled lizards
  4 kobolds
  4 rats
31 creatures vanquished.

Notes
Turn   | Place    | Note
-------+----------+-------------------------------------------
     0 | D:1      | Kahsius the Draconian Transmuter began the quest for the
                  | Orb.
     0 | D:1      | Reached XP level 1. HP: 16/16 MP: 3/3
   461 | D:1      | Reached XP level 2. HP: 17/23 MP: 3/5
  1218 | D:2      | Reached XP level 3. HP: 19/29 MP: 4/6
  1611 | D:2      | Learned a level 3 spell: Spider Form
  1935 | D:2      | Found a radiant altar of Vehumet.
  1962 | D:2      | HP: 1/29 [poisoned by an adder]
  1964 | D:2      | Succumbed to an adder's poison

Skill      XL: |  1  2  3 |
---------------+----------+-----
Dodging        | 2 |  2.3
Fighting       | 2 |  2.1
Unarmed Combat | |  3.4
Spellcasting   | |  2.4
Transmutations | |  2.5

Action                   || total
-------------------------++-------
Melee: Unarmed           ||   114
       Tailslap          ||    10
       Headbutt          ||     5
       Punch             ||     1
 Cast: Beastly Appendage ||     6
  Use: Potion            ||     2
 Stab: Sleeping          ||     3
  Eat: Chunk             ||     3
Armor: Skin              ||    28
Dodge: Dodged            ||    67
